 Dungeon Crawl Stone Soup version 0.24-a0-381-g637bb3806f (webtiles) character file.

Game seed: 530263305467709402

634 Laiders72 the Digger (level 7, 0/36 HPs)
             Began as a Gargoyle Earth Elementalist on June 3, 2019.
             Slain by Prince Ribbit (13 damage)
             ... on level 5 of the Dungeon.
             The game lasted 00:17:54 (4600 turns).

Laiders72 the Digger (Gargoyle Earth Elementalist)  Turns: 4600, Time: 00:17:55

Health: 0/36       AC:  6    Str: 12    XL:     7   Next: 49%
Magic:  2/15       EV: 12    Int: 17    God:
Gold:   89         SH:  0    Dex: 10    Spells: 12/16 levels left

rFire    . . .     SeeInvis .   q - +1 hand axe (freeze)
rCold    + . .     Gourm    .   (no shield)
rNeg     + . .     Faith    .   c - +0 robe
rPois    ∞         Spirit   .   (no helmet)
rElec    +         Reflect  .   (no cloak)
rCorr    .         Harm     .   (no gloves)
MR       .....                  (no boots)
Stlth    ++........             (no amulet)
HPRegen  0.12/turn              k - ring of protection from cold
MPRegen  0.14/turn              (no ring)

@: marked
A: negative energy resistance 1, electricity resistance, unbreathing,
petrification resistance, rot immunity, AC +4
a: no special abilities


You were on level 5 of the Dungeon.
You were not hungry.

You visited 1 branch of the dungeon, and saw 5 of its levels.

You collected 215 gold pieces.
You spent 126 gold pieces at shops.

Inventory:

Hand Weapons
 q - a +1 hand axe of freezing (weapon)
Missiles
 b - 70 stones (quivered)
Armour
 c - a +0 robe (worn)
Jewellery
 k - a ring of protection from cold (left hand)
Wands
 l - a wand of random effects (13)
Scrolls
 e - 2 scrolls of fog
 f - 2 scrolls of teleportation
 g - 2 scrolls of enchant weapon
 m - a scroll of magic mapping {unknown}
 p - a scroll of remove curse {unknown}
 s - 2 scrolls of amnesia
 t - a scroll of enchant armour {unknown}
Potions
 a - a potion of berserk rage {unknown}
 h - a potion of ambrosia {unknown}
 i - 2 potions of flight
 j - a potion of haste {unknown}
 n - a potion of lignification {unknown}
 o - 2 potions of might
 r - a potion of curing {unknown}
Comestibles
 d - 8 rations
 u - 2 chunks of flesh


   Skills:
 - Level 1.5 Dodging
 - Level 2.2 Stealth
 + Level 5.3 Spellcasting
 - Level 4.1 Conjurations
   Level 0.7 Transmutations
 - Level 6.0 Earth Magic


You had 12 spell levels left.
You knew the following spells:

 Your Spells              Type           Power        Failure   Level  Hunger
a - Sandblast             Erth           ###...       1%          1    None
b - Stone Arrow           Conj/Erth      ###...       5%          3    ##.....

Your spell library contained the following spells:

 Spells                   Type           Power        Failure   Level  Hunger
 Passwall                 Tmut/Erth      ###.....     5%          2    #......
 Lee's Rapid Deconstruct  Erth           ###.......   32%         5    ######.
 Petrify                  Tmut/Erth      ###.....     34%         4    ####...


Dungeon Overview and Level Annotations

Branches:
Dungeon (5/15)
 Temple: D:4-7

Altars:
Ashenzari
Ru
Wu Jian
Zin

Shops:
D:4 ?

Annotations:
D:4 1 runed translucent door, Crazy Yiuf
D:5 Prince Ribbit


Innate Abilities, Weirdness & Mutations

You are resistant to torment.
Your stone body is resilient. (AC +4)
You are immune to poison.
You resist negative energy. (rN+)
You are resistant to electric shocks. (rElec)
You can survive without breathing.
You are immune to petrification.
You are immune to rotting.


Message History

Things that are here:
a +1 rapier of electrocution; a +0 leather armour the human corpse of Eustachio You butcher the human corpse of Eustachio.
u - 3 chunks of flesh
Things that are here:
a +1 rapier of electrocution; a +0 leather armour the human skeleton of Eustachio You start resting.
Eating one of 3 chunks of flesh.
You eat one of the 3 chunks of flesh.
This raw flesh tastes terrible.
Prince Ribbit comes into view.
Prince Ribbit is nearby!
A centaur comes into view.
Prince Ribbit blinks!
The centaur wields a +0 shortbow.
The centaur shoots an arrow.
The arrow hits you. Prince Ribbit closely misses you.
There is a stone staircase leading up here.
An adder comes into view.
Prince Ribbit hits you!
You die...

########### #
#.........#.###
#....F.....S...
#.....@.#..####
#......).c.....
#.......#..####
#.......#..#
####.......#
#########


You could see Prince Ribbit, a centaur and an adder.

Vanquished Creatures
  Eustachio (D:5)
  2 ogres (D:4)
  A crimson imp (D:5)
  A centaur skeleton (D:4)
  A hound (D:4)
  A bullfrog skeleton (D:4)
  Jessica (D:2)
  Ijyb (D:3)
  A worker ant (D:4)
  Robin (D:3)
  4 adders
  An ooze (D:2)
  A worm (D:4)
  2 dart slugs
  A leopard gecko (D:2)
  7 orcs (D:3)
  8 bats
  5 giant cockroaches
  8 hobgoblins
  8 jackals
  A ball python (D:2)
  A ball python skeleton (D:4)
  6 frilled lizards
  8 goblins
  8 kobolds
  A quokka skeleton (D:2)
  5 rats
86 creatures vanquished.

Notes
Turn   | Place    | Note
-------+----------+-------------------------------------------
     0 | D:1      | Laiders72 the Gargoyle Earth Elementalist began the quest
                  | for the Orb.
     0 | D:1      | Reached XP level 1. HP: 10/10 MP: 3/3
   408 | D:1      | Reached XP level 2. HP: 10/15 MP: 5/5
   499 | D:1      | Reached skill level 4 in Earth Magic
   921 | D:2      | Noticed Jessica
   935 | D:2      | Killed Jessica
   935 | D:2      | Reached XP level 3. HP: 16/19 MP: 0/7
   997 | D:2      | Found an ornate altar of the Wu Jian Council.
  1351 | D:2      | Noticed an orc warrior
  1369 | D:2      | Reached XP level 4. HP: 21/24 MP: 1/8
  1453 | D:2      | Learned a level 3 spell: Stone Arrow
  1737 | D:2      | Reached skill level 5 in Earth Magic
  2126 | D:2      | Found a glowing silver altar of Zin.
  2131 | D:2      | Found a shattered altar of Ashenzari.
  2136 | D:2      | Found a sacrificial altar of Ru.
  2197 | D:3      | Found a faded altar of an unknown god.
  2204 | D:3      | Noticed Ijyb
  2223 | D:3      | Killed Ijyb
  2303 | D:3      | Noticed Robin
  2324 | D:3      | Killed Robin
  2324 | D:3      | Reached XP level 5. HP: 10/28 MP: 2/10
  3594 | D:4      | Reached skill level 6 in Earth Magic
  3594 | D:4      | Reached XP level 6. HP: 32/32 MP: 3/12
  3662 | D:4      | Reached skill level 1 in Conjurations
  3680 | D:4      | Found Viatups's Magic Scroll Emporium.
  3701 | D:4      | Bought a scroll of identify for 24 gold pieces
  3701 | D:4      | Bought a scroll of amnesia for 42 gold pieces
  3701 | D:4      | Bought a scroll of teleportation for 36 gold pieces
  3701 | D:4      | Bought a scroll of identify for 24 gold pieces
  3962 | D:4      | Reached XP level 7. HP: 23/36 MP: 11/14
  4397 | D:4      | Found a runed translucent door.
  4398 | D:4      | Noticed Crazy Yiuf
  4564 | D:5      | Entered Level 5 of the Dungeon
  4566 | D:5      | Reached skill level 5 in Spellcasting
  4566 | D:5      | Noticed Eustachio
  4590 | D:5      | Killed Eustachio
  4594 | D:5      | Noticed Prince Ribbit
  4600 | D:5      | Slain by Prince Ribbit

Levels and vault maps discovered:
D:1:      mrwooster_arrival_statue_2, layout_basic
D:2:      layout_loops_ring, grunt_temple_overflow_diamond,
          lemuel_coloured_pillars_altar, minmay_cupped, uniq_jessica
D:3:      layout_basic, chequers_ecumenical_altar_island,
          minmay_misc_feat_alley, serial_bayou_lagoon_b, uniq_ijyb, uniq_robin
D:4:      layout_gridville, serial_shops, nicolae_shop_statue_plus,
          first_ration, feat_on_display, uniq_crazy_yiuf_cottage
D:5:      layout_loops_cross, basic_altar, uniq_prince_ribbit1, uniq_eustachio,
          uniq_sigmund

Skill      XL: |  1  2  3  4  5  6  7 |
---------------+----------------------+-----
Earth Magic    | 4 5 6 |  6.0
Spellcasting   | 3 4 5 |  5.3
Conjurations   | 3 4 |  4.1
Dodging        | |  1.5
Stealth        | |  2.2
Transmutations | |  0.7

Action                   |  1- 3 |  4- 6 |  7- 9 || total
-------------------------+-------+-------+-------++-------
Melee: Short sword       |    59 |    80 |       ||   139
       Hand axe          |       |    34 |    10 ||    44
 Cast: Sandblast         |    28 |    35 |    10 ||    73
       Stone Arrow       |       |    14 |     3 ||    17
  Use: Scroll            |       |     5 |       ||     5
 Stab: Sleeping          |       |     2 |       ||     2
  Eat: Chunk             |     2 |     6 |     2 ||    10
       Ration            |       |     1 |       ||     1
Armor: Robe              |    23 |    59 |    38 ||   120
Dodge: Dodged            |    45 |   103 |    45 ||   193

Table legend:
 A = Non-vault XP
 B = Vault XP
 C = Vault XP percentage of total XP
 D = Non-vault monster count
 E = Vault monster count
 F = Vault count percentage of total count
                 A         B        C        D         E       F
            +---------+---------+-------+---------+---------+-------
      Total |     619 |     287 |  31.7 |      75 |      11 |  12.8
            +---------+---------+-------+---------+---------+-------
        D:1 |      17 |       0 |   0.0 |      12 |       0 |   0.0
        D:2 |      59 |      39 |  39.8 |      26 |       2 |   7.1
        D:3 |      89 |      63 |  41.4 |      26 |       8 |  23.5
        D:4 |     404 |       0 |   0.0 |      10 |       0 |   0.0
        D:5 |      50 |     185 |  78.7 |       1 |       1 |  50.0
            +---------+---------+-------+---------+---------+-------
